 Dungeon Crawl Stone Soup version 0.28-a0-1506-g3893175d92 (webtiles) character file.

Game seed: 7200839693479075856

53 parzival7114810 the Skirmisher (level 3, 0/33 HPs)
             Began as a Hill Orc Fighter on Jan 13, 2022.
             Was an Initiate of Beogh.
             Slain by an orc (1 damage)
             ... on level 3 of the Dungeon.
             The game lasted 00:05:44 (3305 turns).

parzival7114810 the Skirmisher (Hill Orc Fighter)   Turns: 3305, Time: 00:05:45

Health: 0/33       AC:  7    Str: 20    XL:     3   Next: 89%
Magic:  3/3        EV:  5    Int:  8    God:    Beogh [......]
Gold:   66         SH: 12    Dex: 10    Spells: 2/2 levels left

rFire   . . .      SeeInvis .   a - +1 war axe
rCold   . . .      Faith    .   f - +0 tower shield
rNeg    . . .      Spirit   .   b - +0 scale mail
rPois   .          Reflect  .   (no helmet)
rElec   .          Harm     .   (no cloak)
rCorr   .          Rampage  .   (no gloves)
Will    .....                   (no boots)
Stlth   ..........              (no amulet)
HPRegen 0.11/turn               (no ring)
MPRegen 0.08/turn               (no ring)

@: no status effects
A: no striking features
a: Renounce Religion


You were on level 3 of the Dungeon.
You worshipped Beogh.
Beogh was noncommittal.
You visited 1 branch of the dungeon, and saw 3 of its levels.

You collected 66 gold pieces.

Inventory:

Hand Weapons
 a - a +1 war axe (weapon)
Armour
 b - a +0 scale mail (worn)
 c - a +0 buckler
 f - a +0 tower shield (worn)
Scrolls
 h - 2 scrolls of fear {unknown}
Potions
 d - 2 potions of might
 e - a potion of flight
 g - a potion of invisibility {unknown}
 i - a potion of heal wounds {unknown}
 j - a potion of berserk rage {unknown}


   Skills:
 + Level 4.0 Fighting
 + Level 3.7 Axes
 + Level 3.8 Armour
 + Level 0.1 Dodging
 + Level 3.8 Shields


You had 2 spell levels left.
You didn't know any spells.
Your spell library contained the following spells:

 Spells                   Type           Power      Damage    Failure   Level
 Animate Skeleton         Necr           0%         N/A       100%        1
 Pain                     Necr           0%         1d4       100%        1
 Vampiric Draining        Necr           0%         2d6       100%        3


Dungeon Overview and Level Annotations

Branches:
Dungeon (3/15)

Altars:


Message History

Found a club.
You block the orc's attack.
A bat comes into view.
Found a ring mail.
The bat barely misses you. You block the bat's attack.
The bat hits you but does no damage.
There are monsters nearby!
There are monsters nearby!
There are monsters nearby!
There are monsters nearby!
There are monsters nearby!
The bat hits you but does no damage.
You completely miss the bat. The bat barely misses you.
You block the bat's attack. The orc hits you but does no damage.
The orc hits you from afar with a +0 trident.
You block the bat's attack. The orc barely misses you.
You closely miss the orc. The bat hits you but does no damage.
The orc hits you with a +0 trident.
* * * LOW HITPOINT WARNING * * *
You hit the orc.
The orc is moderately wounded.
The bat hits you.
* * * LOW HITPOINT WARNING * * *
You block the bat's attack. The orc completely misses you.
The orc hits you but does no damage.
You hit the orc.
The orc is heavily wounded.
The bat hits you.
* * * LOW HITPOINT WARNING * * *
The bat hits you but does no damage. The orc hits you with a +0 trident.
* * * LOW HITPOINT WARNING * * *
The bat hits you.
* * * LOW HITPOINT WARNING * * *
The bat hits you but does no damage. You block the orc's attack.
You barely miss the orc.
The orc is heavily wounded.
You hit the bat but do no damage. You block the bat's attack.
The orc hits you with a +0 trident.
You die...
Beogh appreciates the orc's killing of a heretic priest.

#.# #.# #.####+###
#.##.....#
####'##.[...###
####.....# b.....#
.........# #.....#
.........# #.....#
.........# #@..).#
.........###o....##.
....................
.###########.#######
#.# #.# ..# #.. #..


You could see an orc and a bat.

Vanquished Creatures
  An adder (D:2)
  A worm (D:3)
  3 ball pythons
  7 endoplasms
  3 giant cockroaches
  3 goblins
  4 hobgoblins
  3 quokkas (D:2)
  A bat (D:2)
  3 frilled lizards
  6 kobolds
  A rat (D:1)
36 creatures vanquished.

Vanquished Creatures (others)
  9 plants (D:2)
9 creatures vanquished.

Grand Total: 45 creatures vanquished

Notes
Turn   | Place    | Note
-------+----------+-------------------------------------------
     0 | D:1      | parzival7114810 the Hill Orc Fighter began the quest for
                  | the Orb.
     0 | D:1      | Reached XP level 1. HP: 19/19 MP: 1/1
   535 | D:1      | Reached XP level 2. HP: 27/27 MP: 2/2
  1568 | D:2      | Reached XP level 3. HP: 33/33 MP: 3/3
  2123 | D:2      | Reached skill level 4 in Fighting
  3137 | D:2      | Found a faded altar of an unknown god.
  3273 | D:3      | Became a worshipper of Beogh the Brigand
  3304 | D:3      | HP: 1/33 [bat (1)]
  3305 | D:3      | Slain by an orc

Illustrated notes

Levels and vault maps discovered:
D:1:      minmay_arrival_four_loops, layout_basic
D:2:      layout_loops_ring, dilly_ecumenical_altar_fadedgnrine, minmay_unequal
D:3:      kennysheep_big_flooded_room, layout_basic, uniq_robin

Skill      XL: |  1  2  3 |
---------------+----------+-----
Axes           | 3 |  3.7
Fighting       | 4 |  4.0
Armour         | |  3.8
Dodging        | |  0.1
Shields        | |  3.8

Action                   || total
-------------------------++-------
Melee: War axe           ||    98
Invok: Convert to Beogh  ||     1
  Use: Scroll            ||     5
Armor: Scale mail        ||    59
Dodge: Dodged            ||    27
Block: Buckler           ||     2
       Tower shield      ||    69

Table legend: (Time is in decaauts)
 A = Elapsed time spent in this place.
 B = Non-inter-level travel time spent in this place.
 C = Inter-level travel time spent in this place.
 D = Time resting spent in this place.
 E = Time spent auto-exploring this place.
 F = Levels seen in this place.
 G = Mean time per level.
                   A        B        C        D        E       F      G
               +--------+--------+--------+--------+--------+-----+--------+
         Total |   3371 |   3225 |    146 |   1657 |   1084 |   3 | 1123.7 |
       Dungeon |   3371 |   3225 |    146 |   1657 |   1084 |   3 | 1123.7 |
               +--------+--------+--------+--------+--------+-----+--------+

Top non-repeatable levels by time:
     D:2: 1880 daAuts
     D:1: 1443 daAuts
     D:3: 47 daAuts
